[Event "Titled Tuesday Blitz October 25 Late 2022"]
[White "Girsh, Daniel"]
[Black "Firouzja, Alireza"]
[WhiteFideId "30949190"]
[BlackFideId "12573981"]
[WhiteElo "2521"]
[BlackElo "3106"]
[Result "0-1"]
[Round "01"]
[TimeControl "180+1"]
[Date "2022.10.26"]
[WhiteClock "0:00:11"]
[BlackClock "0:00:02"]

1. e4 c5 2. Nf3 d6 3. d4 cxd4 4. Nxd4 Nf6 5. Nc3 Nc6 6. f3 e5 7. Nb3 Be7 8. Be3 O-O 9. Nd5 Nxd5 10. exd5 Nb8 11. Be2 Bg5 12. Qd2 Bxe3 13. Qxe3 Nd7 14. O-O b6 15. c4 Nc5 16. Rad1 Bd7 17. f4 Re8 18. f5 Qf6 19. Kh1 Ba4 20. Nxc5 bxc5 21. b3 Bd7 22. Bd3 e4 23. Bc2 Re5 24. g4 h6 25. Rf4 Rae8 26. Re1 a5 27. Re2 a4 28. bxa4 Ra8 29. Rxe4 Rxe4 30. Qxe4 Re8 31. Qd3 Rb8 32. Bb3 Qh4 33. Qg3 Qf6 34. Kg2 Ra8 35. Qe3 h5 36. Qe7 Bxa4 37. Qxf6 gxf6 38. gxh5 Bd7 39. Rf2 Kg7 40. Kg3 Kh6 41. Kf4 Re8 42. Rf3 Re5 43. Bc2 Re2 44. Bb3 Rxh2 45. Re3 Rh4+ 46. Kg3 Rxh5 47. Re7 Bxf5 48. Rxf7 Kg6 49. Rf8 Rh3+ 50. Kf4 Rh4+ 51. Kg3 Rd4 52. Rd8 Bd3 53. Rxd6 Kg5 54. Rc6 f5 55. Rxc5 f4+ 56. Kf2 Be4 57. d6+ Kf6 58. Rc8 Rxd6 59. Rf8+ Kg5 60. c5 Rd2+ 61. Ke1 Rh2 62. Re8 Kf5 63. Be6+ Kf6 64. Bc4 Kf5 65. Be6+ Ke5 66. Bc4+ Kd4 67. Bb3 Ke3 68. Kd1 Rh1# 0-1


[Site "https://www.chess.com"]

[Event "Titled Tuesday Blitz October 25 Late 2022"]
[White "Golubev, Mikhail"]
[Black "Korobov, Anton"]
[WhiteFideId "14100983"]
[BlackFideId "14105730"]
[WhiteElo "2518"]
[BlackElo "3045"]
[Result "0-1"]
[Round "01"]
[TimeControl "180+1"]
[Date "2022.10.26"]
[WhiteClock "0:00:01"]
[BlackClock "0:00:15"]

1. e4 c5 2. Nf3 d6 3. d4 cxd4 4. Nxd4 Nf6 5. Nc3 a6 6. Bc4 e6 7. Bb3 Be7 8. f4 O-O 9. Be3 b5 10. e5 dxe5 11. fxe5 Nfd7 12. Qf3 Ra7 13. O-O-O Rc7 14. Ne4 Bb7 15. Qf4 Bxe4 16. Qxe4 Nc5 17. Qg4 Qc8 18. Bh6 g6 19. Bxf8 Bxf8 20. Kb1 Nbd7 21. Nxe6 fxe6 22. Bxe6+ Kh8 23. Rhf1 Bg7 24. Bxd7 Nxd7 25. Rf7 Nxe5 26. Rxc7 Qxc7 27. Qe6 h5 28. Qxa6 Qc5 29. a3 Kh7 30. Qe6 Qf2 31. Qe7 Qxg2 32. Re1 Qxh2 33. Re4 Nc4 0-1


[Site "https://www.chess.com"]

[Event "Titled Tuesday Blitz October 25 Late 2022"]
[White "Gonzalez, Francisco Silva"]
[Black "Abdyzhapar, Asylbek"]
[WhiteFideId "1512285"]
[BlackFideId "13800337"]
[WhiteElo "2159"]
[BlackElo "2323"]
[Result "0-1"]
[Round "01"]
[TimeControl "180+1"]
[Date "2022.10.26"]
[WhiteClock "0:00:40"]
[BlackClock "0:01:40"]

1. d4 Nf6 2. c4 c5 3. d5 e6 4. Nc3 exd5 5. cxd5 d6 6. Nf3 g6 7. Bf4 Bg7 8. h3 O-O 9. e3 Qe7 10. Be2 a6 11. a4 Nbd7 12. O-O Ne8 13. Re1 Rb8 14. Qc2 Nc7 15. e4 b5 16. axb5 Nxb5 17. Bf1 Nd4 18. Nxd4 cxd4 19. Na4 Ne5 20. Rac1 Bd7 21. Bxa6 d3 22. Qd1 Ra8 23. Bxe5 Bxe5 24. Nb6 Rxa6 25. Nxd7 Qxd7 26. Qxd3 Rb6 27. Rc4 Rxb2 28. Rec1 Qa7 29. Qf3 Bd4 30. R4c2 Rxc2 31. Rxc2 Rb8 32. Kh2 Be5+ 33. g3 Kg7 34. h4 h5 35. Kg2 Rb1 36. Kh2 Re1 37. Rc8 Bd4 38. g4 Be5+ 39. Kg2 Qa1 40. Qd3 Rg1+ 41. Kf3 hxg4+ 42. Ke2 Qe1# 0-1


[Site "https://www.chess.com"]

[Event "Titled Tuesday Blitz October 25 Late 2022"]
[White "Goroshkov, Maksym"]
[Black "Cortes Orihuela, Javier"]
[WhiteFideId "14142716"]
[BlackFideId "3414329"]
[WhiteElo "2257"]
[BlackElo "2080"]
[Result "1-0"]
[Round "01"]
[TimeControl "180+1"]
[Date "2022.10.26"]
[WhiteClock "0:02:17"]
[BlackClock "0:00:13"]

1. e4 e5 2. d4 exd4 3. c3 dxc3 4. Nxc3 d6 5. Bc4 Nf6 6. e5 Ng4 7. e6 Ne5 8. exf7+ Kd7 9. Bb3 c6 10. Bf4 Ng6 11. Bg3 Kc7 12. Rc1 Bf5 13. Nge2 Kc8 14. O-O h5 15. h3 h4 16. Bh2 Be7 17. Nd4 Bd7 18. Ne6 Qa5 19. Bxd6 Na6 20. Bxe7 Nxe7 21. f8=Q+ Rxf8 22. Nxf8 Bf5 23. Be6+ Bxe6 24. Nxe6 1-0


[Site "https://www.chess.com"]

[Event "Titled Tuesday Blitz October 25 Late 2022"]
[White "Graif, William"]
[Black "Van Foreest, Jorden"]
[WhiteFideId "2609835"]
[BlackFideId "1039784"]
[WhiteElo "2205"]
[BlackElo "2649"]
[Result "1-0"]
[Round "01"]
[TimeControl "180+1"]
[Date "2022.10.26"]
[WhiteClock "0:00:06"]
[BlackClock "0:01:53"]

1. d4 Nf6 2. Nc3 e6 3. e4 d5 4. Bg5 h6 5. Bxf6 Qxf6 6. exd5 Bb4 7. Bb5+ Bd7 8. Bxd7+ Nxd7 9. dxe6 Qxe6+ 10. Qe2 Bxc3+ 11. bxc3 Qxe2+ 12. Nxe2 O-O-O 13. O-O Nb6 14. Rfe1 Rd6 15. Rad1 Re8 16. Kf1 Rc6 17. Rd3 Nd5 18. a3 b5 19. Ng3 Rxe1+ 20. Kxe1 Nxc3 21. Kd2 Nd5 22. Nf5 Rf6 23. Rf3 Rg6 24. Rg3 Rf6 25. Rf3 g5 26. Ne7+ Kb7 27. Nxd5 Rd6 28. Rf5 c6 29. Rxf7+ Ka6 30. Nb4+ Kb6 31. c3 a5 32. Nd3 a4 33. Nc5 Rg6 34. Rb7+ Ka5 35. f3 Rf6 36. Kd3 h5 37. Rg7 g4 38. fxg4 hxg4 39. Rxg4 Rf2 40. h4 Ra2 41. h5 Rxa3 42. h6 b4 43. h7 Rxc3+ 44. Ke4 1-0


[Site "https://www.chess.com"]

[Event "Titled Tuesday Blitz October 25 Late 2022"]
[White "Gritsenko, Nikolai"]
[Black "Ansh M Shah"]
[WhiteFideId "14112493"]
[BlackFideId "25033379"]
[WhiteElo "2389"]
[BlackElo "2084"]
[Result "1/2-1/2"]
[Round "01"]
[TimeControl "180+1"]
[Date "2022.10.26"]
[WhiteClock "0:00:14"]
[BlackClock "0:00:21"]

1. d4 Nf6 2. Bg5 e6 3. Nd2 d5 4. e3 Be7 5. f4 h6 6. Bh4 c5 7. c3 Nc6 8. Bd3 b6 9. Qe2 Bb7 10. Ngf3 O-O 11. O-O Rc8 12. Ne5 Nxe5 13. fxe5 Ne4 14. Bxe7 Qxe7 15. Bxe4 dxe4 16. Qg4 Qg5 17. Rf4 cxd4 18. exd4 e3 19. Ne4 Bxe4 20. Qxg5 hxg5 21. Rxe4 b5 22. a3 a5 23. Rxe3 b4 24. axb4 axb4 25. Rf1 bxc3 26. bxc3 Rc4 27. h3 Ra8 28. Rff3 Ra2 29. Rg3 Rc2 30. Kh2 Kh7 31. Ref3 Rc7 32. Rxg5 R2xc3 33. Rxc3 Rxc3 34. Rg4 Rd3 35. Rf4 Kg6 36. h4 f6 37. exf6 gxf6 38. g4 f5 39. gxf5+ exf5 40. Kg2 Kh5 41. Kf2 Kg6 42. Ke2 Rh3 43. d5 Kf6 44. d6 Ke6 45. Rd4 Kd7 46. Kf2 f4 47. Kg2 Re3 48. h5 Re6 49. Rxf4 Rxd6 50. Kg3 Ke7 51. Kg4 Rf6 52. Rb4 Kf7 53. Kg5 Rc6 54. Rb7+ Kg8 55. Rd7 Rc5+ 56. Kg6 Rc6+ 57. Kg5 Rc5+ 58. Kg4 Rc6 59. Rd5 Ra6 60. Kg5 Kh7 61. Rf5 Kh8 62. h6 Kh7 63. Rf7+ Kg8 64. Rg7+ Kh8 65. Kh5 Ra5+ 66. Rg5 Rxg5+ 67. Kxg5 Kh7 68. Kh5 Kh8 69. Kg6 Kg8 70. h7+ Kh8 71. Kh6 1/2-1/2


[Site "https://www.chess.com"]

[Event "Titled Tuesday Blitz October 25 Late 2022"]
[White "Grot, Blazej"]
[Black "Bjelobrk, Igor"]
[WhiteFideId "21835845"]
[BlackFideId "4300726"]
[WhiteElo "1739"]
[BlackElo "2335"]
[Result "1/2-1/2"]
[Round "01"]
[TimeControl "180+1"]
[Date "2022.10.26"]
[WhiteClock "0:00:09"]
[BlackClock "0:00:13"]

1. e4 c5 2. Nc3 e6 3. g3 d5 4. exd5 exd5 5. d4 cxd4 6. Qxd4 Nc6 7. Qxd5 Be6 8. Qxd8+ Rxd8 9. Bb5 Bb4 10. Ne2 Ne7 11. a3 Ba5 12. Bg5 f6 13. Be3 O-O 14. Bc5 Rf7 15. b4 Bc7 16. Rd1 Rxd1+ 17. Kxd1 a6 18. Bd3 Ne5 19. Nf4 Bg4+ 20. Be2 N7c6 21. Bxg4 Nxg4 22. h3 Nge5 23. Nfd5 Bd8 24. a4 Nc4 25. Kc1 b6 26. Be3 Nxe3 27. fxe3 Rb7 28. Rd1 Kf7 29. Ne4 Be7 30. Nxe7 Kxe7 31. Nd6 Rc7 32. Nf5+ Kf7 33. Nd6+ Ke6 34. b5 Nb4 35. c4 axb5 36. axb5 Rc5 37. Rd2 Re5 38. e4 Rg5 39. Nf5 g6 40. Nd4+ Ke5 41. Nf3+ Kxe4 42. Nxg5+ fxg5 43. Rd6 Nd3+ 44. Kd2 Ne5 45. Kc3 g4 46. Rxb6 gxh3 47. Rb7 h5 48. Ra7 h2 49. Ra1 Nf3 50. Rh1 g5 51. b6 h4 52. gxh4 g4 53. b7 g3 54. b8=Q Ke3 55. Qe8+ Kf2 56. Qa4 g2 57. Qc2+ Kg3 58. Rxh2 Nxh2 59. Qc1 Nf3 60. Qd1 Nxh4 61. c5 Nf3 62. c6 Ng5 63. c7 Ne4+ 64. Kc4 Nd6+ 65. Kc5 Nc8 66. Kc6 Kf2 67. Qd3 g1=Q 68. Qd4+ Kg2 69. Qxg1+ Kxg1 70. Kd7 Na7 71. Kd6 Kf2 72. Kc5 Ke3 73. Kb6 Nc8+ 74. Kb7 Nd6+ 75. Kc6 Nc8 76. Kd5 Kf4 77. Ke6 Ke4 78. Kd7 Nb6+ 79. Kd8 Kd5 80. Ke7 Kc6 81. Kd8 Kb7 82. c8=Q+ Nxc8 1/2-1/2


[Site "https://www.chess.com"]

[Event "Titled Tuesday Blitz October 25 Late 2022"]
[White "Hansen, Eric"]
[Black "Ashiku, Franc"]
[WhiteFideId "2606771"]
[BlackFideId "4700066"]
[WhiteElo "2568"]
[BlackElo "2306"]
[Result "1-0"]
[Round "01"]
[TimeControl "180+1"]
[Date "2022.10.26"]
[WhiteClock "0:00:36"]
[BlackClock "0:00:05"]

1. d4 Nf6 2. c4 e6 3. Nf3 b6 4. g3 Bb7 5. Bg2 c6 6. Ne5 d5 7. Qa4 a6 8. cxd5 b5 9. Qb3 cxd5 10. a4 b4 11. Bd2 a5 12. Na3 Ne4 13. Be3 Nd6 14. Nb5 Nxb5 15. axb5 Qb6 16. Qd3 Be7 17. O-O a4 18. Rfc1 O-O 19. Bf4 Rc8 20. Rxc8+ Bxc8 21. e4 Bb7 22. exd5 Bxd5 23. Rc1 Qb7 24. Bxd5 exd5 25. Nxf7 Kxf7 26. Qf5+ Ke8 27. Rc8+ Qxc8 28. Qxc8+ Kf7 29. Qb7 Ra5 30. Bd6 a3 31. Qxe7+ 1-0


[Site "https://www.chess.com"]

[Event "Titled Tuesday Blitz October 25 Late 2022"]
[White "Haszon, David"]
[Black "Vlassov, Nikolai"]
[WhiteFideId "733610"]
[BlackFideId "4103360"]
[WhiteElo "2211"]
[BlackElo "2324"]
[Result "1-0"]
[Round "01"]
[TimeControl "180+1"]
[Date "2022.10.26"]
[WhiteClock "0:00:13"]
[BlackClock "0:00:15"]

1. d4 Nf6 2. Bf4 g6 3. Nc3 d5 4. e3 Bg7 5. h4 c6 6. Be2 Qb6 7. Qd2 Qxb2 8. Rb1 Qa3 9. h5 gxh5 10. Bxh5 Nxh5 11. Rxh5 Nd7 12. Rb3 Qa5 13. Nge2 Nf6 14. Rg5 Bh6 15. Re5 Bxf4 16. Nxf4 h5 17. e4 e6 18. exd5 cxd5 19. Nfxd5 Nxd5 20. Nxd5 Qxd2+ 21. Kxd2 Rb8 22. Ne3 Kf8 23. Ra5 Ra8 24. d5 exd5 25. Nxd5 h4 26. Nc7 Rb8 27. Rxa7 Rg8 28. Ra4 Rxg2 29. Rxh4 Rxf2+ 30. Kc3 Rf3+ 31. Kd4 Rxb3 32. axb3 Kg7 33. Ne8+ Kg6 34. Nd6 Be6 35. Kc5 Rd8 36. c4 Rd7 37. b4 Kg5 38. Rh1 f5 39. Rg1+ Kf6 40. b5 f4 41. Ne4+ Ke5 42. Ng5 Rc7+ 43. Kb6 Rxc4 44. Re1+ Kf5 45. Nxe6 f3 46. Rf1 Kxe6 47. Rxf3 Rb4 48. Rc3 Kd6 49. Rd3+ Ke7 50. Rh3 Kd7 51. Rh5 Kd6 52. Kxb7 Rg4 53. b6 Rg7+ 54. Ka6 Kc6 55. Rh6+ Kc5 56. Rh1 Rg6 57. Rc1+ Kd5 58. Ka7 Rg2 59. b7 Ra2+ 60. Kb8 Ra1 61. Rxa1 1-0


[Site "https://www.chess.com"]

[Event "Titled Tuesday Blitz October 25 Late 2022"]
[White "Hnydiuk, Aleksander"]
[Black "Jobava, Baadur"]
[WhiteFideId "1109057"]
[BlackFideId "13601520"]
[WhiteElo "2519"]
[BlackElo "3060"]
[Result "0-1"]
[Round "01"]
[TimeControl "180+1"]
[Date "2022.10.26"]
[WhiteClock "0:00:12"]
[BlackClock "0:01:20"]

1. Nf3 d5 2. d4 c6 3. c4 Nf6 4. cxd5 cxd5 5. Nc3 Nc6 6. Bf4 a6 7. Rc1 Bf5 8. e3 e6 9. Be2 Bd6 10. Bxd6 Qxd6 11. Qb3 O-O 12. O-O Rab8 13. Na4 h6 14. a3 Ne4 15. Qb6 Bg4 16. Rfd1 f5 17. h3 Bxf3 18. Bxf3 f4 19. Bxe4 dxe4 20. exf4 Qxf4 21. Rc2 Rbd8 22. Re2 e5 23. d5 Nd4 24. Rxd4 exd4 25. Qxd4 e3 26. Qxf4 Rxf4 27. Nc3 Rxf2 28. Rxe3 Rxb2 0-1


[Site "https://www.chess.com"]

[Event "Titled Tuesday Blitz October 25 Late 2022"]
[White "Hoffmann, Asa"]
[Black "Shipov, Sergei"]
[WhiteFideId "2001470"]
[BlackFideId "4113624"]
[WhiteElo "2117"]
[BlackElo "2740"]
[Result "0-1"]
[Round "01"]
[TimeControl "180+1"]
[Date "2022.10.26"]
[WhiteClock "0:00:59"]
[BlackClock "0:01:04"]

1. d4 d5 2. Bg5 h6 3. Bh4 c6 4. e3 Qb6 5. b3 e5 6. Nf3 Nd7 7. Be2 Bd6 8. O-O e4 9. Nfd2 Ne7 10. c4 Qc7 11. Bg3 Bxg3 12. fxg3 O-O 13. Nc3 a6 14. Rc1 Qd6 15. Qe1 f5 16. Qf2 Nf6 17. Qf4 Qd8 18. cxd5 Nexd5 19. Nxd5 Nxd5 20. Qf2 Kh8 21. Bc4 Nf6 22. Rcd1 Ng4 23. Qe2 b5 24. h3 Nf6 25. Qf2 bxc4 26. Nxc4 Be6 27. Ne5 Qe8 28. Rc1 Rc8 29. Rc5 Nd7 30. Ra5 Nxe5 31. Rxe5 Qd7 32. Rc1 Bd5 33. Qe2 a5 34. Qh5 Kg8 35. Rf1 Kh7 36. Qh4 Ra8 37. Rf4 g5 0-1


[Site "https://www.chess.com"]

[Event "Titled Tuesday Blitz October 25 Late 2022"]
[White "Holt, Conrad"]
[Black "Przybylski, Wojciech"]
[WhiteFideId "2034387"]
[BlackFideId "1117599"]
[WhiteElo "2592"]
[BlackElo "2221"]
[Result "1-0"]
[Round "01"]
[TimeControl "180+1"]
[Date "2022.10.26"]
[WhiteClock "0:00:15"]
[BlackClock "0:00:01"]

1. d4 Nf6 2. c4 e6 3. Nc3 d5 4. cxd5 exd5 5. Bg5 Be7 6. e3 O-O 7. Bd3 c6 8. Nge2 Nbd7 9. O-O Re8 10. Rb1 Nf8 11. b4 a6 12. a4 Ng6 13. Qc2 Bd7 14. b5 axb5 15. axb5 Rc8 16. Qa2 Be6 17. Qa7 Ra8 18. Qxb7 Rb8 19. bxc6 Rxb7 20. cxb7 Bd6 21. Bb5 Re7 22. Bc6 h6 23. Bxf6 gxf6 24. Nxd5 Bxd5 25. Bxd5 Bb8 26. Rfc1 Rc7 27. Bc6 Qd6 28. d5 Ne7 29. Nd4 Nxc6 30. dxc6 h5 31. g3 Kh7 32. Nb5 Qe5 33. Nxc7 Qxc7 34. Rb5 h4 35. Rh5+ Kg6 36. Rxh4 f5 37. Rd4 f6 38. Rd7 Qe5 39. c7 Bxc7 40. Rdxc7 Qb2 41. h4 f4 42. exf4 Kf5 43. Kg2 Qb3 44. R1c3 Qb5 45. f3 Qb2+ 46. Rc2 Qb1 47. g4+ Kg6 48. h5+ Kh6 49. Kf2 Qb4 50. Ke3 Qb6+ 51. Ke4 Qe6+ 52. Kd4 Qd6+ 53. Ke3 Qb6+ 54. Ke2 Qb5+ 55. R2c4 Qb2+ 56. Kd3 Qb3+ 57. Kd4 Qd1+ 58. Kc5 Qg1+ 59. Kc6 Qb1 60. g5+ Kxh5 61. gxf6 Kg6 62. f7 Kg7 63. Kd7 Qd1+ 64. Kc8 1-0


[Site "https://www.chess.com"]

[Event "Titled Tuesday Blitz October 25 Late 2022"]
[White "Howell, David W L"]
[Black "Tan, Ralph"]
[WhiteFideId "410608"]
[BlackFideId "30966590"]
[WhiteElo "2567"]
[BlackElo "2059"]
[Result "1-0"]
[Round "01"]
[TimeControl "180+1"]
[Date "2022.10.26"]
[WhiteClock "0:00:21"]
[BlackClock "0:00:06"]

1. Nf3 Nf6 2. c4 g6 3. b3 Bg7 4. Bb2 O-O 5. g3 d6 6. d4 c6 7. Bg2 Bf5 8. O-O Na6 9. Nh4 Be6 10. e4 Rc8 11. Nc3 d5 12. cxd5 cxd5 13. e5 Nd7 14. Nxd5 Nb6 15. Nf4 Bd5 16. Nxd5 Nxd5 17. Qd2 e6 18. Rfc1 Qd7 19. Nf3 Nab4 20. Rc4 a5 21. a3 Nc6 22. Rac1 Nce7 23. h4 h5 24. Qxa5 Nf5 25. Bh3 b6 26. Qe1 Nfe7 27. Bf1 Bh6 28. Rxc8 Rxc8 29. Rxc8+ Qxc8 30. Bd3 Qc6 31. Qd1 Nc8 32. Qc2 Qxc2 33. Bxc2 Na7 34. Kf1 Nc6 35. Ke2 Kf8 36. Be4 Nce7 37. Kd3 Ke8 38. Kc4 Kd7 39. Kb5 Kc7 40. a4 Kb7 41. Ba3 Nf5 42. b4 Bf8 43. Bc1 Kc7 44. Bd2 Be7 45. a5 bxa5 46. bxa5 Kb7 47. a6+ Ka8 48. Kc6 f6 49. Kd7 fxe5 50. Kxe6 exd4 51. Bxd5+ Ka7 52. Be4 Bc5 53. Bxf5 gxf5 54. Kxf5 d3 55. Be3 Bxe3 56. fxe3 Kxa6 57. Nd2 Kb5 58. Ke4 Kb4 59. Kxd3 1-0


[Site "https://www.chess.com"]

[Event "Titled Tuesday Blitz October 25 Late 2022"]
[White "Ibarra Jerez, Jose Carlos"]
[Black "Storey, Charles H"]
[WhiteFideId "2226332"]
[BlackFideId "406686"]
[WhiteElo "2627"]
[BlackElo "2252"]
[Result "1-0"]
[Round "01"]
[TimeControl "180+1"]
[Date "2022.10.26"]
[WhiteClock "0:00:04"]
[BlackClock "0:00:06"]

1. e4 g6 2. d4 Bg7 3. Nf3 c5 4. dxc5 Na6 5. Bxa6 Qa5+ 6. Bd2 Qxa6 7. Bc3 Nf6 8. Qd3 Qc6 9. b4 O-O 10. Nbd2 b6 11. cxb6 axb6 12. b5 Qe6 13. O-O Bb7 14. Ng5 Qg4 15. f4 Ra3 16. h3 Qh5 17. Nb1 Ra4 18. e5 Nd5 19. Bd2 Nxf4 20. Rxf4 Qxg5 21. Rg4 Qxe5 22. Rxa4 Qxa1 23. c3 e6 24. Ra7 Bd5 25. Rxd7 Bxa2 26. Rb7 Bxb1 27. Qf1 Qa8 28. Rxb6 Be4 29. c4 Bd4+ 30. Kh2 Bxb6 31. Qf6 Bc7+ 32. Kg1 Qb8 33. Bc3 e5 34. Bd2 Qd8 35. Qf2 Qd4 36. Be3 Qa1+ 37. Kh2 f5 38. Qd2 f4 39. Bc5 f3 40. Bxf8 Kxf8 41. Qh6+ Ke7 42. Qh4+ Kd6 43. Qxe4 Bd8 44. Qd5+ Ke7 45. Qxe5+ Kd7 46. Qxa1 Bc7+ 47. Kg1 f2+ 48. Kxf2 Be5 49. Qxe5 1-0


[Site "https://www.chess.com"]

[Event "Titled Tuesday Blitz October 25 Late 2022"]
[White "Iliaguev, Nisim"]
[Black "Ljukin, Sergei"]
[WhiteFideId "2817276"]
[BlackFideId "14102200"]
[WhiteElo "2264"]
[BlackElo "2312"]
[Result "1-0"]
[Round "01"]
[TimeControl "180+1"]
[Date "2022.10.26"]
[WhiteClock "0:01:32"]
[BlackClock "0:01:25"]

1. d4 d5 2. Nf3 Nf6 3. g3 Bg4 4. Bg2 e6 5. O-O Nbd7 6. c4 c6 7. Nc3 Bd6 8. Qc2 Bf5 9. Qb3 Qb6 10. c5 Qxb3 11. axb3 Bc7 12. b4 e5 13. dxe5 Nxe5 14. Nd4 Bd7 15. b5 O-O 16. bxc6 bxc6 17. Ra6 Bc8 18. Ra1 Bd7 19. Bf4 a5 20. e4 Nh5 21. exd5 Nxf4 22. gxf4 Nd3 23. d6 Bd8 24. Bxc6 Bxc6 25. Nxc6 Nxc5 26. Nd5 Nd3 27. b4 a4 28. Ra3 Nb2 29. Rc1 1-0


[Site "https://www.chess.com"]

[Event "Titled Tuesday Blitz October 25 Late 2022"]
[White "Itkis, Boris"]
[Black "Pinheiro, Iung Alicio de O."]
[WhiteFideId "1209167"]
[BlackFideId "2104350"]
[WhiteElo "2232"]
[BlackElo "2283"]
[Result "0-1"]
[Round "01"]
[TimeControl "180+1"]
[Date "2022.10.26"]
[WhiteClock "0:00:01"]
[BlackClock "0:00:08"]

1. c4 e5 2. Nf3 Nc6 3. Nc3 Bc5 4. e3 d6 5. d4 Bb4 6. dxe5 Bxc3+ 7. bxc3 Nxe5 8. Nxe5 dxe5 9. Qxd8+ Kxd8 10. Ba3 Be6 11. O-O-O+ Kc8 12. f3 Nf6 13. Kb2 Nd7 14. c5 c6 15. Be2 Kc7 16. Rd6 Rhd8 17. Rhd1 Nf6 18. c4 Ne8 19. Rxd8 Rxd8 20. Rxd8 Kxd8 21. Kc3 Ke7 22. Bb4 Bf5 23. Ba5 Kd7 24. h4 h6 25. g4 Be6 26. Bd3 g5 27. h5 Ng7 28. Bc2 f5 29. Bd1 Ne8 30. Kd3 fxg4 31. Bc3 g3 32. Bxe5 g2 33. Bh2 Nf6 34. f4 g4 35. Ke2 Bxc4+ 36. Kf2 Bd5 37. Bg1 Ke6 38. Bc2 Be4 39. Bb3+ Kf5 0-1


[Site "https://www.chess.com"]

[Event "Titled Tuesday Blitz October 25 Late 2022"]
[White "Jaferian, Koosha"]
[Black "Mirzoeva, Elmira"]
[WhiteFideId "12507440"]
[BlackFideId "4127951"]
[WhiteElo "2127"]
[BlackElo "2161"]
[Result "1-0"]
[Round "01"]
[TimeControl "180+1"]
[Date "2022.10.26"]
[WhiteClock "0:01:03"]
[BlackClock "0:01:46"]

1. Nf3 d6 2. d4 Nf6 3. b3 Nbd7 4. Bb2 g6 5. g3 Bg7 6. Bg2 O-O 7. O-O e5 8. dxe5 Ng4 9. c4 Ngxe5 10. Qd2 Qe7 11. Nc3 c6 12. Rad1 Nxf3+ 13. Bxf3 Ne5 14. Qxd6 Nxf3+ 15. exf3 Qxd6 16. Rxd6 Be5 17. Rd2 Be6 18. Ne4 Bxb2 19. Rxb2 Kg7 20. Rd2 Rfd8 21. Rfd1 Rxd2 22. Rxd2 b6 23. Kf1 h6 24. Ke2 f5 25. Nc3 Kf6 26. f4 Ke7 27. Ke3 Rg8 28. Ne2 Re8 29. Nd4 Bd7 30. Re2 Kd6+ 31. Kd3 Rf8 32. Nf3 Kc7 33. Ne5 Be8 34. h4 Rf6 35. Kc3 Rd6 36. Rd2 Re6 37. b4 Re7 38. c5 bxc5 39. bxc5 Re6 40. Rd4 g5 41. Ra4 Kb7 42. Nc4 Bd7 43. Nd6+ Kb8 44. Rb4+ Ka8 45. hxg5 hxg5 46. fxg5 Re2 47. g6 Rxf2 48. g7 Be6 49. Ne8 Rf3+ 50. Kd2 a5 51. Nc7+ Ka7 52. Nxe6 Rxg3 53. Rd4 Rg2+ 54. Ke1 Ka6 55. Rd8 Kb5 56. g8=Q Rxg8 57. Rxg8 1-0


[Site "https://www.chess.com"]

[Event "Titled Tuesday Blitz October 25 Late 2022"]
[White "Jensen, Matthew R"]
[Black "Adla, Diego"]
[WhiteFideId "2018110"]
[BlackFideId "100072"]
[WhiteElo "2299"]
[BlackElo "2377"]
[Result "0-1"]
[Round "01"]
[TimeControl "180+1"]
[Date "2022.10.26"]
[WhiteClock "0:00:17"]
[BlackClock "0:01:11"]

1. d4 Nf6 2. c4 e6 3. g3 c5 4. d5 exd5 5. cxd5 d6 6. Bg2 g6 7. e4 Bg7 8. Ne2 O-O 9. O-O b6 10. Nbc3 Ba6 11. Qc2 Re8 12. h3 Nbd7 13. Be3 b5 14. f3 b4 15. Na4 Qa5 16. b3 Nxd5 17. exd5 Rxe3 18. Rae1 Rae8 19. Rf2 Bd4 20. Kh2 Bd3 21. Qd2 Qa6 22. Bf1 R3e7 23. Rg2 Be3 24. Qb2 Ne5 25. Kh1 Nxf3 26. Rd1 Bb5 27. Nf4 Bxf1 28. Nh5 Bxg2+ 29. Kxg2 Bd4 30. Qc1 Qe2+ 31. Kh1 Qh2# 0-1


[Site "https://www.chess.com"]

[Event "Titled Tuesday Blitz October 25 Late 2022"]
[White "Jimenez Almeida, Luis David"]
[Black "Burke, Paul"]
[WhiteFideId "22242244"]
[BlackFideId "2605767"]
[WhiteElo "2158"]
[BlackElo "1832"]
[Result "1-0"]
[Round "01"]
[TimeControl "180+1"]
[Date "2022.10.26"]
[WhiteClock "0:00:56"]
[BlackClock "0:00:07"]

1. Nf3 a6 2. e4 d6 3. Nc3 g6 4. d4 Bg7 5. a4 Nd7 6. h4 h6 7. Be3 e6 8. Bc4 Ne7 9. Bb3 b6 10. Qe2 Bb7 11. Rd1 O-O 12. O-O Kh7 13. Rfe1 Nf6 14. e5 Ng4 15. Bf4 d5 16. Nb1 Nf5 17. g3 c5 18. c3 Qe7 19. Nbd2 Rae8 20. Nf1 f6 21. Bc2 fxe5 22. Nxe5 Nxe5 23. Bxe5 Bxe5 24. dxe5 Nxh4 25. gxh4 Qxh4 26. Ng3 Rf4 27. Rd2 Ref8 28. Qd3 Rg4 29. Re3 c4 30. Qe2 Qg5 31. Rd4 h5 32. Rxg4 Qxg4 33. Qxg4 hxg4 34. Ne2 Kg7 35. Nd4 Bc8 36. Rg3 Rf4 37. f3 gxf3 38. Rxg6+ Kf7 39. Kf2 1-0


[Site "https://www.chess.com"]

[Event "Titled Tuesday Blitz October 25 Late 2022"]
[White "Jimenez Fernandez, Rebeca"]
[Black "Zakaryan, David"]
[WhiteFideId "32070934"]
[BlackFideId "24101923"]
[WhiteElo "1946"]
[BlackElo "2409"]
[Result "1-0"]
[Round "01"]
[TimeControl "180+1"]
[Date "2022.10.26"]
[WhiteClock "0:00:42"]
[BlackClock "0:00:17"]

1. e4 c5 2. Nc3 Nc6 3. g3 g6 4. Bg2 Bg7 5. d3 d6 6. Be3 Rb8 7. Qd2 b5 8. Nge2 b4 9. Nd1 a5 10. O-O a4 11. d4 cxd4 12. Nxd4 Ne5 13. b3 Ba6 14. Re1 Qd7 15. c4 bxc3 16. Nxc3 axb3 17. axb3 Bb7 18. Ra7 Nc6 19. Nxc6 Qxc6 20. Nd5 Nf6 21. Rc1 Nxd5 22. Rxc6 Bxc6 23. exd5 Bb5 24. Bg5 O-O 25. Bxe7 Ra8 26. Qa2 Rxa7 27. Qxa7 Re8 28. h4 Be5 29. Qc7 Ra8 30. Bxd6 Bd4 31. Be5 Bxe5 32. Qxe5 Re8 33. Qd4 Re1+ 34. Kh2 Re8 35. d6 Bd7 36. b4 Rb8 37. Qc5 Rb5 38. Qc7 Be6 39. d7 Bxd7 40. Qxd7 Rxb4 41. Qc8+ Kg7 42. Qc3+ Kh6 43. Qxb4 Kh5 44. Qc5+ f5 45. Bf3+ Kh6 46. Qf8# 1-0


[Site "https://www.chess.com"]

[Event "Titled Tuesday Blitz October 25 Late 2022"]
[White "Kabanova, Ekaterina"]
[Black "Kalogeris, Ioannis"]
[WhiteFideId "24112917"]
[BlackFideId "4239563"]
[WhiteElo "2141"]
[BlackElo "2312"]
[Result "0-1"]
[Round "01"]
[TimeControl "180+1"]
[Date "2022.10.26"]
[WhiteClock "0:02:04"]
[BlackClock "0:00:59"]

1. c4 Nf6 2. Nf3 d6 3. e3 e5 4. d3 c6 5. a3 g6 6. b4 Bg7 7. Bb2 O-O 8. Nbd2 a5 9. bxa5 Qxa5 10. Be2 e4 11. dxe4 Nxe4 12. Bxg7 Kxg7 13. O-O Nc3 14. Qe1 Nd7 15. Bd3 Nc5 16. Bc2 Bf5 17. Bxf5 gxf5 18. Nd4 Nd3 19. N2b3 Nxe1 20. Nxa5 Rxa5 21. Rfxe1 Rfa8 22. Nxf5+ Rxf5 23. e4 Rfa5 24. Rac1 Rxa3 25. Kf1 h5 26. Re3 Na2 27. Ra1 Rxe3 28. fxe3 Ra6 29. Rb1 b6 30. Rd1 Nc3 31. Rxd6 Ra1+ 0-1


[Site "https://www.chess.com"]

[Event "Titled Tuesday Blitz October 25 Late 2022"]
[White "Kalaiyalahan, Akshaya"]
[Black "Ozsakallioglu, Okan"]
[WhiteFideId "422894"]
[BlackFideId "6367011"]
[WhiteElo "2043"]
[BlackElo "2078"]
[Result "0-1"]
[Round "01"]
[TimeControl "180+1"]
[Date "2022.10.26"]
[WhiteClock "0:00:02"]
[BlackClock "0:00:38"]

1. c4 Nf6 2. Nc3 g6 3. Nf3 Bg7 4. e3 O-O 5. d4 d6 6. b3 Nbd7 7. Bb2 e5 8. Be2 Re8 9. O-O e4 10. Nd2 Nf8 11. Qc2 Bf5 12. h3 h5 13. Nd5 N8h7 14. Nxf6+ Qxf6 15. Rab1 Qg5 16. Kh1 Qh4 17. d5 Bxh3 18. gxh3 Qxh3+ 19. Kg1 Ng5 20. Bxg7 Kxg7 21. f4 Qxe3+ 22. Kh1 Nh3 23. Rbe1 Qg3 24. Nxe4 Qh4 25. Qc3+ f6 26. Qg3 Qxg3 27. Nxg3 Re3 28. Kg2 h4 29. Kxh3 hxg3 30. Kg2 Rae8 31. Rf3 Rxe2+ 32. Rxe2 Rxe2+ 33. Kxg3 Rxa2 34. Re3 Kf7 35. Rc3 Ra3 36. Kf3 b6 37. Ke3 a5 38. Kd4 Ra2 39. Rh3 Kg7 40. Re3 g5 41. fxg5 fxg5 42. Re7+ Kf6 43. Rxc7 g4 44. Rc6 g3 45. Rxd6+ Kf7 46. Rh6 Rh2 0-1


[Site "https://www.chess.com"]